General information
- name: BNet
- type: Ladder 1vs1/FFA
- host: Battle.net
- saver: miguelitito
map: TwistedMeadows
- players: 2
- length: 26:58
- speed: Fast
- version: 1.26 W3XP
- replay type: Public
» download(92 KB)
Players
team 1 (loser)
VirtuosoJ (
teal | 148 APM | 3996 actions | 26:57)
4 Archmage
2 Summon Water Elemental
2 Brilliance Aura
3 Blood Mage
2 Siphon Mana
1 Banish
3 Mountain King
2 Storm Bolt
1 Bash
» actions
| Assign group hotkey | 68 | |
| Basic commands | 469 | |
| Build / train | 203 | |
| ESC pressed | 8 | |
| Enter build submenu | 40 | |
| Enter hero's abilities submenu | 10 | |
| Give item / drop item | 9 | |
| Remove unit from queue | 25 | |
| Right click | 1021 | |
| Select / deselect | 427 | |
| Select group hotkey | 1463 | |
| Use ability | 253 | |
3996 total
» units
| Peasant | 10 | |
| Footman | 6 | |
| Rifleman | 7 | |
| Sorceress | 6 | |
| Priest | 2 | |
| Spell Breaker | 1 | |
| Goblin Shredder | 5 | |
| Forest Troll Shadow Priest | 1 | |
| Mortar Team | -1 | |
| Siege Engine | 4 | |
41 total
» upgrades
| Masonry | 2 | |
| Gunpowder | 2 | |
| Lumber Harvesting | 1 | |
| Swords | 0 | |
| Plating | 1 | |
| Priest Training | 2 | |
| Sorceress Training | 2 | |
10 total
» buildings
| Altar of Kings | 1 | |
| Farm | 9 | |
| Barracks | 1 | |
| Scout Tower | 12 | |
| Arcane Tower | 8 | |
| Lumber Mill | 1 | |
| Keep | 5 | |
| Blacksmith | 2 | |
| Guard Tower | 28 | |
| Arcane Vault | 1 | |
| Arcane Sanctum | 2 | |
| Town Hall | 2 | |
| Castle | 6 | |
| Workshop | 3 | |
81 total
» build order
00:05 Altar of Kings
00:18 Farm
00:20 Barracks
01:06 Farm
01:33 Scout Tower
01:47 Farm
02:25 Arcane Tower
02:25 Arcane Tower
02:25 Arcane Tower
03:24 Farm
03:46 Lumber Mill
04:09 Keep
04:09 Keep
04:09 Keep
04:12 Blacksmith
05:20 Scout Tower
05:32 Farm
06:11 Farm
06:29 Guard Tower
06:29 Guard Tower
06:30 Guard Tower
06:36 Arcane Vault
07:23 Arcane Sanctum
07:28 Arcane Sanctum
07:48 Farm
10:04 Town Hall
10:21 Castle
10:21 Castle
10:21 Castle
10:21 Castle
10:27 Scout Tower
10:36 Scout Tower
10:39 Scout Tower
10:41 Scout Tower
11:25 Guard Tower
11:26 Guard Tower
11:26 Guard Tower
12:54 Guard Tower
12:55 Arcane Tower
12:55 Arcane Tower
12:55 Guard Tower
12:56 Guard Tower
12:56 Guard Tower
12:56 Guard Tower
14:53 Blacksmith
14:55 Scout Tower
14:57 Scout Tower
14:59 Scout Tower
15:50 Farm
16:46 Guard Tower
16:46 Guard Tower
16:46 Guard Tower
16:47 Guard Tower
16:47 Guard Tower
17:37 Town Hall
17:55 Farm
18:46 Workshop
18:51 Workshop
19:57 Scout Tower
20:23 Workshop
22:33 Scout Tower
24:15 Guard Tower
24:15 Guard Tower
24:15 Guard Tower
24:16 Scout Tower
» items
| Scroll of Regeneration | 1 | |
| Boots of Speed | 1 | |
| Scroll of Town Portal | 2 | |
4 total
team 2 (winner)
miguelitito (
blue | 56 APM | 1518 actions | 26:58)
5 Blademaster
3 Wind Walk
2 Critical Strike
» actions
| Assign group hotkey | 18 | |
| Basic commands | 4 | |
| Build / train | 72 | |
| Enter build submenu | 37 | |
| Enter hero's abilities submenu | 5 | |
| Give item / drop item | 2 | |
| Remove unit from queue | 1 | |
| Right click | 927 | |
| Select / deselect | 246 | |
| Select group hotkey | 59 | |
| Use ability | 147 | |
1518 total
» units
| Peon | 16 | |
| Troll Batrider | 11 | |
| Goblin Sapper | 4 | |
31 total
» upgrades
» buildings
| Altar of Storms | 2 | |
| Orc Burrow | 4 | |
| Voodoo Lounge | 1 | |
| War Mill | 1 | |
| Watch Tower | 20 | |
| Stronghold | 1 | |
| Beastiary | 3 | |
| Fortress | 2 | |
| Great Hall | 2 | |
36 total
» build order
00:07 Altar of Storms
00:10 Orc Burrow
01:10 Voodoo Lounge
01:15 War Mill
01:35 Orc Burrow
02:33 Watch Tower
03:00 Watch Tower
03:04 Watch Tower
03:09 Watch Tower
03:30 Watch Tower
04:49 Watch Tower
04:52 Watch Tower
05:25 Stronghold
05:31 Watch Tower
05:42 Watch Tower
05:56 Watch Tower
06:41 Watch Tower
07:22 Watch Tower
07:52 Beastiary
07:59 Beastiary
08:09 Watch Tower
09:47 Watch Tower
10:09 Orc Burrow
10:18 Watch Tower
10:20 Watch Tower
10:57 Watch Tower
13:09 Fortress
13:10 Fortress
13:15 Orc Burrow
14:25 Great Hall
14:27 Watch Tower
18:51 Beastiary
20:10 Watch Tower
20:12 Watch Tower
22:30 Great Hall
25:51 Altar of Storms
» items
| Healing Salve | 4 | |
| Lesser Clarity Potion | 7 | |
| Scroll of Speed | 1 | |
| Boots of Speed | 1 | |
| Potion of Healing | 8 | |
| Potion of Mana | 7 | |
| Orb of Lightning | 1 | |
29 total
Chat log
(00:12 / All) VirtuosoJ: GL hf
(21:05 / All) VirtuosoJ: lol
(21:08 / All) VirtuosoJ: how bad can someone be at wc3
(25:54 / All) VirtuosoJ: GG noob
(26:02 / All) miguelitito: since when is gg :) ?
(26:18 / All) VirtuosoJ: since u have no more bases
(26:26 / All) miguelitito: grazz
(26:26 / All) VirtuosoJ: and I have a far superior army
(26:45 / All) miguelitito: since when i had any army :)
(26:55 / All) miguelitito: sacred